 Dungeon Crawl Stone Soup version 0.30.1-9-gdf580d7c3d (webtiles) character file.

Game seed: 8505208303958374183

61 Ivernyr the Shield-Bearer (level 4, 37/37 HPs)
             Began as a Formicid Fighter on Oct 6, 2023.
             Got out of the dungeon alive.
             The game lasted 00:02:17 (1148 turns).

Ivernyr the Shield-Bearer (Formicid Fighter)        Turns: 1148, Time: 00:02:18

Health: 37/37      AC:  7    Str: 20    XL:     4   Next: 27%
Magic:  4/4        EV:  9    Int:  8    God:
Gold:   36         SH:  5    Dex: 15    Spells: 3/3 levels left

rFire   . . .        a - +0 long sword
rCold   . . .        c - +0 buckler
rNeg    . . .        b - +0 scale mail
rPois   .            (helmet unavailable)
rElec   .            (no cloak)
rCorr   .            (no gloves)
SInv    +            (no boots)
Will    .....        (no amulet) Stlth
                     (no ring)
HPRegen 0.26/turn    (no ring)
MPRegen 0.09/turn

%: no passive effects
@: no status effects
A: permanent stasis, dig shafts and tunnels, antennae 3, four strong arms
a: Dig, Shaft Self


You escaped.
You visited 1 branch of the dungeon, and saw 2 of its levels.

You collected 78 gold pieces.
You spent 42 gold pieces at shops.

Inventory:

Hand Weapons
 a - a +0 long sword (weapon)
Armour
 b - a +0 scale mail (worn)
 c - a +0 buckler (worn)
Scrolls
 e - a scroll of magic mapping {unknown}
 g - a scroll of vulnerability {unknown}
 h - a scroll of identify {unknown}
 i - a scroll of fear {unknown}
Potions
 d - 2 potions of might
 f - a potion of cancellation {unknown}
 j - a potion of curing


   Skills:
 + Level 3.7 Fighting
 * Level 3.0 Long Blades
 + Level 3.7 Armour
 + Level 4.5 Shields


You had 3 spell levels left.
You didn't know any spells.
Your spell library was empty.

Dungeon Overview and Level Annotations

Branches:
Dungeon (2/15)

Altars:

Shops:
D:1 **?*

Annotations:
D:2 Robin


Innate Abilities, Weirdness & Mutations

You cannot be hasted, slowed, berserked, paralysed or teleported.
You can dig through walls and to a lower floor.
You have a pair of large antennae on your head. (SInv)
Your four strong arms can wield two-handed weapons with a shield.


Message History

You closely miss Terence.
Terence is heavily wounded.
Terence hits you but does no damage.
You slash Terence!
Terence is almost dead.
Terence hits you with a +0 short sword.
You barely miss Terence.
Terence is almost dead.
You block Terence's attack. Terence closely misses you.
You barely miss Terence.
Terence is almost dead.
Terence hits you with a +0 short sword.
You hit Terence but do no damage.
Terence is almost dead.
Terence barely misses you.
You barely miss Terence.
Terence is almost dead.
Terence hits you with a +0 short sword. x2
You hit Terence.
You kill Terence!
Your Long Blades skill increases to level 3!
You have reached level 4!
You feel clever.
You hit the goblin but do no damage. The goblin hits you but does no damage.
You slash the goblin!
You kill the goblin!
The goblin misses you.
You slash the goblin!
You kill the goblin!
Items here: ))) [ ††.
(D) Dungeon
Where to? (Enter - D:2, ? - help)
What level of the Dungeon? (default 1, ? - help)
Items here: ))) ††.
There is an open door here.
You see here a +0 robe.
HP restored.
There is a staircase leading out of the dungeon here.
Are you sure you want to leave the Dungeon?
This will make you lose the game!
You have escaped!

#.#### #..## #.#####.# #....#
##..# #...#[..# # #....#
##.#######.#### # #....##
#..##.#....### # ##....#
##......#####. ######....#
##.##..### #...
..........#########.###..# ###.##
...............##....#..####...##
...............#@.#....###...)...
.........#.....#########...##....
......####.....'.........####....
####### #.....##.#...#######....
# #####.....##.##>.#####...... #
#.......####....##...#...### ####
#.......# #######.#.#...# # ...#
#.......####.#..∩........### ##.#
#............##.######.##...


There were no monsters in sight!

Vanquished Creatures
  Terence (D:1)
  2 endoplasms (D:1)
  8 hobgoblins (D:1)
  3 jackals (D:1)
  2 ball pythons (D:1)
  3 bats (D:1)
  A frilled lizard (D:1)
  6 goblins (D:1)
  4 kobolds (D:1)
  3 rats (D:1)
33 creatures vanquished.

Notes
Turn   | Place    | Note
-------+----------+-------------------------------------------
     0 | D:1      | Ivernyr the Formicid Fighter began the quest for the Orb.
     0 | D:1      | Reached XP level 1. HP: 18/18 MP: 1/1
    36 | D:1      | Found Xuymp's Magic Scroll Emporium.
    48 | D:1      | Found Xasared's General Store.
   168 | D:1      | Reached XP level 2. HP: 24/24 MP: 2/2
   638 | D:1      | Found Enimih's Assorted Antiques.
   650 | D:1      | Reached XP level 3. HP: 26/29 MP: 3/3
   668 | D:1      | Found Iserupso's General Store.
   676 | D:1      | Bought a potion of curing for 42 gold pieces
  1004 | D:2      | Noticed Robin
  1006 | D:2      | Noticed Terence
  1063 | D:1      | Killed Terence
  1064 | D:1      | Reached XP level 4. HP: 17/37 MP: 4/4
  1148 | D:$      | Got out of the dungeon alive.

Illustrated notes

Levels and vault maps discovered:
D:1:      lemuel_arrival_tunnels, layout_basic, serial_shops, shop, shop,
          nicolae_shop_waterfront, shop, minmay_misc_feat_square
D:2:      layout_basic, shapermc_ecumenical_altar_notcrosses,
          hangedman_abyss_or_decor_stabs, uniq_terence, uniq_robin

Skill      XL: |  1  2  3 |
---------------+----------+-----
Long Blades    | 3 |  3.0
Fighting       | |  3.7
Armour         | |  3.7
Shields        | |  4.5

Action                     |  1- 3 |  4- 6 || total
---------------------------+-------+-------++-------
  Melee: Long sword        |    94 |     3 ||    97
 Armour: Scale mail        |    61 |     1 ||    62
  Dodge: Dodged            |    57 |     1 ||    58
  Block: Buckler           |    30 |       ||    30
